 Dungeon Crawl Stone Soup version 0.32-a0-685-g93135e86f0 (webtiles) character file.

Game seed: 15541442530308704372

333 Aldia the Charlatan (level 6, -3/47 HPs)
             Began as a Coglin Artificer on Mar 12, 2024.
             Succumbed to a killer bee's poison
             ... on level 5 of the Dungeon.
             The game lasted 00:05:30 (2165 turns).

Aldia the Charlatan (Coglin Artificer)              Turns: 2165, Time: 00:05:31

Health: -3/47      AC:  6    Str: 12    XL:     6   Next: 52%
Magic:  6/6        EV: 11    Int: 11    God:
Gold:   86         SH:  0    Dex: 16    Spells: 5/5 levels left

rFire   . . .        q - +0 demon blade {Akihito}
rCold   . . .        f - +0 dagger {Jacinta}
rNeg    . . .        k - +0 ring mail
rPois   .            h - +0 helmet
rElec   .            (no cloak)
rCorr   .            (no gloves)
SInv    .            (no boots)
Will    .....        (amulet unavailable)
Stlth   +            (ring unavailable)
HPRegen 0.27/turn    (ring unavailable)
MPRegen 0.10/turn    (no gizmo)

%: no passive effects
@: mighty, lethally poisoned (-3 -> -21), revving
A: off-hand wielding, slow wielding, warmup strikes, no jewellery
a: Invent Gizmo


You were on level 5 of the Dungeon.
You visited 1 branch of the dungeon, and saw 5 of its levels.

You collected 86 gold pieces.

Inventory:

Hand Weapons
 a - a +0 dagger {Caihong}
 f - a +0 dagger (offhand) {Jacinta}
 j - a +0 whip {Ran}
 p - a +0 long sword {Æschere}
 q - a +0 demon blade (weapon) {Akihito}
Armour
 b - a +0 leather armour
 h - a +0 helmet (worn)
 k - a +0 ring mail (worn)
Wands
 c - a wand of flame (14) (quivered)
 d - a wand of charming (14)
 e - a wand of iceblast (4)
Scrolls
 g - a scroll of noise
 n - a scroll of immolation
Potions
 i - 2 potions of enlightenment {unknown}
 o - 4 potions of curing


   Skills:
 + Level 3.2 Fighting
 - Level 1.7(2.5) Short Blades
 * Level 3.1(3.4) Long Blades
 - Level 2.3 Armour
 + Level 3.0 Dodging
 - Level 0.7 Stealth
 - Level 4.0 Evocations


You had 5 spell levels left.
You didn't know any spells.
Your spell library contained the following spells:

 Spells                   Type           Power      Damage    Failure   Level
 Gell's Gravitas          Tloc           0%         N/A       93%         3
 Passwall                 Erth           0%         N/A       93%         3
 Teleport Other           Tloc           0%         N/A       93%         3
 Volatile Blastmotes      Fire/Tloc      0%         2d10      93%         3
 Bombard                  Conj/Erth      0%         9d1       100%        6
 Dispersal                Tloc           0%         N/A       100%        6


Dungeon Overview and Level Annotations

Branches:
Dungeon (6/15)
 Temple: D:4-7

Altars:


Innate Abilities, Weirdness & Mutations

You can wield a second weapon in your off-hand.
It takes a long time for you to wield or remove held weapons.
Your first few attacks do less damage.
You cannot equip rings or amulets.


Message History

Okay, then.
You feel very mighty all of a sudden. The killer bee stings you.
You are poisoned.
The killer bee poisons you! The killer bee stings you.
You are more poisoned.
The killer bee poisons you! The killer bee stings you.
The killer bee misses you. The killer bee stings you. x2
You are lethally poisoned!
The killer bee poisons you!
An iguana comes into view.
Unknown command.
You feel better. The killer bee stings you.
You are poisoned.
The killer bee poisons you! The killer bee barely misses you.
The killer bee stings you but does no damage.
The killer bee misses you. The killer bee stings you!
The killer bee stings you but does no damage.
Unknown command.
Unknown command.
You barely miss the killer bee with your +0 dagger.
You slash the killer bee with your +0 demon blade!
You kill the killer bee!
You feel sick. The killer bee closely misses you.
The killer bee completely misses you.
Your ogre hits the dart slug with a +0 giant club!!
The dart slug dies!
The killer bee stings you!
* * * LOW HITPOINT WARNING * * *
You are lethally poisoned!
The killer bee poisons you! The killer bee stings you.
* * * LOW HITPOINT WARNING * * *
You are more poisoned.
The killer bee poisons you!
Your Long Blades skill increases to level 3!
Your Dodging skill increases to level 3!
Unknown command.
You slash the killer bee with your +0 demon blade!
You kill the killer bee!
You die...

##.........###
#............### #######
#...............
####.....####...............
...........##....$..........
............................
.........................#
..##.............y.....#.
.#####..........@..O...# .#
##......#####.....# ##
#....### #..J....# # ##..##
#....l..~≈≈ # #..#
#.......~≈≈≈ # #..#
#....##~≈≈≈≈ #..# #....#
≈≈≈≈≈ #..# ##.... ≈J~~~ #..#


You could see an iguana, a jelly, a killer bee and a friendly ogre (charmed,
unaware).

Vanquished Creatures
  A scorpion (D:5)
  2 killer bees (D:5)
  2 orc priests (D:5)
  Jessica (D:2)
  Robin (D:2)
  A gnoll (D:1)
  3 adders
  An orc (D:5)
  7 ball pythons
  6 endoplasms
  11 goblins
  9 hobgoblins
  4 kobolds
  A quokka (D:2)
  8 bats
  2 frilled lizards
  3 rats
63 creatures vanquished.

Vanquished Creatures (collateral kills)
  A killer bee (D:5)
  A dart slug (D:5)
2 creatures vanquished.

Grand Total: 65 creatures vanquished

Notes
Turn   | Place    | Note
-------+----------+-------------------------------------------
     0 | D:1      | Aldia the Coglin Artificer began the quest for the Orb.
     0 | D:1      | Reached XP level 1. HP: 15/15 MP: 1/1
   144 | D:1      | Reached skill level 1 in Dodging
   265 | D:1      | Reached XP level 2. HP: 14/21 MP: 2/2
   434 | D:1      | Reached XP level 3. HP: 21/27 MP: 3/3
   922 | D:2      | Noticed Robin
   924 | D:2      | Reached skill level 1 in Short Blades
   926 | D:2      | Killed Robin
   929 | D:2      | Reached XP level 4. HP: 22/33 MP: 4/4
  1622 | D:2      | Noticed Jessica
  1626 | D:2      | Killed Jessica
  1627 | D:2      | Reached skill level 1 in Long Blades
  1627 | D:2      | Reached XP level 5. HP: 39/39 MP: 5/5
  1922 | D:3      | You fall into a shaft and drop 3 floors!
  1939 | D:5      | Entered Level 5 of the Dungeon
  1959 | D:5      | Noticed an ogre
  2073 | D:5      | Reached XP level 6. HP: 39/46 MP: 6/6
  2164 | D:5      | HP: 2/47 [killer bee (5)]
  2165 | D:5      | Succumbed to a killer bee's poison

Illustrated notes

Levels and vault maps discovered:
D:1:      dpeg_arrival_concentric_ovals, layout_basic, serial_forest,
          infiniplex_forest_lined_2, infiniplex_forest_pool,
          infiniplex_forest_clump_medium, infiniplex_forest_lined_room_2,
          infiniplex_forest_clump_small, infiniplex_forest_straight_2
D:2:      layout_basic, minmay_pentomino_w4, uniq_jessica, uniq_robin
D:3:      layout_loops_cross, uniq_terence
D:5:      kennysheep_slugbush, layout_layer_cave, ebering_ghost_gozag
D:6:      layout_rooms, minmay_temple_entry_purple_smoke,
          serial_library_hellmonk_room_c

Skill      XL: |  1  2  3  4  5  6 |
---------------+-------------------+-----
Dodging        | 1 2 3 |  3.0
Armour         | 2 |  2.3
Short Blades   | 1 |  1.7
Fighting       | 2 3 |  3.2
Long Blades    | 1 2 3 |  3.1
Stealth        | |  0.7
Evocations     | |  4.0

Action                     |  1- 3 |  4- 6 || total
---------------------------+-------+-------++-------
  Melee: Dagger            |    99 |   129 ||   228
         Club              |     9 |       ||     9
         Whip              |     6 |       ||     6
         Demon blade       |       |    34 ||    34
  Evoke: Wand              |     9 |    14 ||    23
    Use: Potion            |       |     3 ||     3
         Scroll            |       |     6 ||     6
 Armour: Leather armour    |    24 |       ||    24
         Ring mail         |    23 |    69 ||    92
         Skin              |       |    19 ||    19
  Dodge: Dodged            |    43 |    63 ||   106

Table legend: (Time is in decaauts)
 A = Elapsed time spent in this place.
 B = Non-inter-level travel time spent in this place.
 C = Inter-level travel time spent in this place.
 D = Time resting spent in this place.
 E = Time spent auto-exploring this place.
 F = Levels seen in this place.
 G = Mean time per level.
                   A        B        C        D        E       F      G
               +--------+--------+--------+--------+--------+-----+--------+
         Total |   2163 |   2045 |    118 |     75 |   1450 |   5 |  432.6 |
       Dungeon |   2163 |   2045 |    118 |     75 |   1450 |   5 |  432.6 |
               +--------+--------+--------+--------+--------+-----+--------+

Top non-repeatable levels by time:
     D:2: 1052 daAuts
     D:1: 860 daAuts
     D:5: 227 daAuts
     D:6: 16 daAuts
     D:3: 6 daAuts
